Map: Dusk Towers

Players

IlllIlllIlll

  • Race: Zerg Zerg
  • League: Gold

Name

  • Race: Zerg Zerg
  • League: Platinum

llllllllllll

  • Race: Terran Terran
  • League: Master

라미온

  • Race: Terran Terran
  • League: Diamond

VOD

Have the link to the VOD?

Description

Time

  • Played on: Dec. 5, 2015, 2:33 a.m.
  • Length: 18:58
Show
View Real Time Build Order
Export as new Build Order

IlllIlllIlll Zerg 

Build Orders: Hatch First, Muta Ling Bane 

Get SALT Encoding   

  12  0:02  Drone  
  13  0:12  Overlord  
  13  0:18  Drone  
  14  0:31  Drone x2  
  14  0:34  Drone  
  17  0:54  Hatchery  
  16  0:59  Drone  
  16  1:03  Extractor  
  16  1:06  Drone  
  17  1:17  Spawning Pool  
  16  1:19  Drone  
  16  1:21  Drone  
  18  1:30  Overlord  
  18  1:39  Drone  
  19  1:55  Drone  
  20  2:04  Queen  
  20  2:07  Zergling x4  
  24  2:09  Queen  
  24  2:12  Metabolic Boost  
  26  2:21  Drone  
  26  2:22  Drone  
  27  2:39  Overlord  
  27  2:40  Drone  
  27  2:41  Zergling x4  
  27  2:43  Queen  
  31  2:49  Zergling x2  
  32  2:52  Zergling x2  
  32  2:55  Spore Crawler  
  32  3:00  Drone x2  
  32  3:05  Drone  
  34  3:12  Drone  
  34  3:13  Queen  
  35  3:20  Drone x2  
  35  3:25  Zergling x4  
  37  3:30  Zergling x2  
  38  3:38  Zergling x4  
  38  3:45  Zergling x2  
  38  3:46  Zergling x2  
  40  3:54  Overlord  
  40  3:56  Drone  
  40  3:57  Drone x3  
  44  4:12  Hatchery  
  44  4:13  Drone  
  44  4:15  Drone x2  
  44  4:16  Overlord  
  46  4:17  Drone  
  46  4:21  Drone  
  46  4:22  Drone  
  46  4:23  Drone  
  47  4:32  Drone x2  
  47  4:33  Drone x2  
  51  4:42  Drone  
  52  4:45  Queen  
  52  4:46  Queen  
  52  4:51  Overlord  
  52  4:52  Drone  
  57  5:00  Zergling x4  
  56  5:07  Drone  
  56  5:08  Drone  
  56  5:11  Drone x2  
  56  5:12  Overlord  
  56  5:13  Drone  
  56  5:14  Drone  
  61  5:15  Drone  
  61  5:22  Drone  
  61  5:25  Drone  
  61  5:26  Drone  
  61  5:28  Queen  
  62  5:33  Lair  
  62  5:34  Extractor x2  
  63  5:35  Drone  
  63  5:36  Drone x2  
  63  5:37  Evolution Chamber  
  63  5:38  Evolution Chamber  
  63  5:45  Drone x3  
  66  5:55  Overlord  
  66  5:56  Drone x2  
  68  6:02  Zergling x10  
  68  6:03  Drone  
  74  6:06  Overlord  
  74  6:07  Drone  
  74  6:08  Drone  
  74  6:10  Drone x3  
  77  6:20  Zergling x4  
  77  6:21  Drone  
  77  6:27  Zerg Ground Armor Level 1, Zerg Melee Weapons Level 1  
  77  6:29  Drone  
  77  6:31  Drone x3, Baneling Nest, Extractor  
  77  6:32  Hatchery, Drone, Extractor  
  77  6:34  Drone  
  77  6:40  Drone  
  77  6:42  Drone  
  79  6:49  Drone, Extractor  
  79  6:51  Hatchery  
  79  6:52  Spire  
  77  6:54  Drone x2  
  77  6:56  Drone  
  80  7:03  Zergling x6  
  80  7:04  Zergling x10  
  86  7:09  Overlord  
  86  7:13  Zergling x6  
  89  7:18  Centrifical Hooks  
  89  7:21  Overlord, Pneumatized Carapace  
  89  7:23  Overlord  
  89  7:24  Baneling x5  
  89  7:25  Overlord, Baneling  
  89  7:28  Zergling x4  
  89  7:29  Zergling x8  
  95  7:35  Zergling x2  
  96  7:38  Zergling x4  
  96  7:40  Overlord x2  
  98  7:56  Overlord  
  98  7:59  Zergling x4  
  98  8:00  Zergling x18  
  98  8:04  Drone  
  98  8:05  Drone x4, Zerg Flyer Weapons Level 1  
  114  8:14  Mutalisk  
  114  8:15  Mutalisk x5  
  114  8:19  Mutalisk x2  
  130  8:21  Overseer  
  130  8:27  Mutalisk x2  
  129  8:29  Overlord  
  129  8:33  Drone x3  
  129  8:34  Overlord, Extractor  
  133  8:44  Zergling x24  
  141  8:50  Overlord  
  141  8:53  Drone x3  
  141  8:54  Mutalisk x4  
  145  9:02  Zergling x2  
  145  9:03  Zergling x10  
  145  9:09  Zerg Ground Armor Level 2, Zerg Melee Weapons Level 2  
  143  9:10  Zergling x4  
  143  9:11  Zergling x2  
  143  9:13  Zergling x6  
  149  9:21  Drone x3  
  143  9:27  Corruptor x3  
  143  9:30  Overlord  
  135  9:34  Drone x3  
  135  9:36  Drone  
  135  9:44  Corruptor x2  
  131  9:49  Hatchery  
  130  9:58  Zergling x30  
  130  9:59  Zergling x2  
  146  10:04  Zergling x10  
  150  10:08  Overseer  
  149  10:15  Extractor  
  149  10:18  Zergling x8  
  149  10:19  Zergling x12  
  158  10:22  Zerg Flyer Weapons Level 2  
  158  10:27  Infestation Pit, Zergling x10  
  161  10:32  Zergling x6  
  161  10:33  Zergling x12  
  166  10:44  Zergling x12  
  170  11:01  Corruptor x6  
  170  11:03  Overlord x4  
  179  11:15  Hive  
  179  11:22  Drone x3  
  179  11:23  Drone x2  
  184  11:27  Baneling x3  
  184  11:28  Baneling x31  
  184  11:29  Baneling x2  
  184  11:31  Queen  
  186  11:43  Zergling x26  
  186  11:44  Zergling x2  
  199  12:31  Zerg Ground Armor Level 3, Zerg Melee Weapons Level 3, Ultralisk Cavern  
  198  12:40  Overseer x3  
  131  13:02  Zergling x22  
  131  13:03  Zergling x60  
  131  13:04  Zergling x10  
  156  13:10  Zergling x8  
  158  13:14  Zergling x4  
  158  13:15  Zergling x2  
  158  13:17  Baneling x13  
  158  13:18  Chitinous Plating, Baneling x6  
  134  13:39  Corruptor x4  
  134  13:40  Corruptor x4  
  145  13:41  Zergling x2  
  145  13:42  Zergling x26  
  153  13:55  Extractor  
  152  13:56  Zergling x12  
  152  13:57  Zergling x8  
  158  14:03  Hatchery  
  158  14:07  Viper x3  
  158  14:08  Ultralisk, Viper  
  166  14:23  Zergling x20  
  156  14:39  Zergling x18  
  156  14:40  Zergling x8  
  169  14:53  Ultralisk  
  146  15:11  Ultralisk x3  
  163  15:23  Drone x4  
  163  15:24  Drone x3  
  170  15:30  Extractor  
  170  15:39  Ultralisk  
  170  15:40  Ultralisk  
  177  15:51  Ultralisk, Zergling x4  
  177  15:56  Zergling x2  
  186  16:06  Overlord  
  186  16:13  Hatchery, Evolution Chamber  
  186  16:14  Evolution Chamber  
  177  16:21  Ultralisk  
  179  16:49  Overseer  
  179  16:53  Corruptor  
  179  16:54  Corruptor x5  
  189  17:03  Overlord x2  
  189  17:05  Overseer  
  189  17:21  Ultralisk, Drone x3  
  189  17:37  Ultralisk  
  189  17:40  Ultralisk Cavern  
  189  17:49  Zergling x8  
  189  17:50  Zergling x12  
  194  17:51  Spawning Pool  
  194  17:56  Spore Crawler  
  180  17:59  Drone x2  
  180  18:00  Drone x2  
  180  18:02  Spine Crawler  
  177  18:06  Overlord x2  
  177  18:09  Spore Crawler  
Show
View Real Time Build Order
Export as new Build Order

Name Zerg 

Build Orders:  

Get SALT Encoding   

  12  0:09  Supply Depot  
  13  0:14  SCV  
  13  0:26  SCV  
  14  0:33  Barracks  
  14  0:39  Refinery  
  14  0:44  SCV  
  15  0:56  SCV  
  16  1:02  Barracks  
  16  1:08  SCV  
  17  1:22  Orbital Command  
  17  1:26  Reaper  
  18  1:48  SCV  
  18  1:49  Reaper  
  20  1:56  Supply Depot  
  20  2:05  Reaper, Bunker  
  21  2:10  SCV  
  22  2:21  Reaper  
  23  2:40  SCV  
  23  2:43  Command Center, Reaper  
  25  2:58  SCV  
  25  3:00  Marine  
  25  3:03  Refinery  
  27  3:10  SCV  
  27  3:15  Reaper  
  28  3:23  SCV  
  29  3:30  Command Center  
  29  3:35  SCV  
  29  3:40  Reaper  
  30  3:47  SCV  
  31  3:48  Supply Depot  
  31  3:52  Factory  
  31  3:59  SCV  
  31  4:00  Barracks Reactor  
  31  4:01  Orbital Command  
  32  4:11  SCV  
  33  4:23  SCV  
  34  4:26  SCV  
  35  4:35  SCV  
  35  4:38  SCV  
  37  4:42  Starport  
  37  4:45  Barracks Tech Lab  
  37  4:48  Hellion x2, Barracks Tech Lab  
  37  4:49  SCV  
  37  4:50  SCV  
  43  5:01  SCV  
  43  5:02  SCV  
  43  5:03  Supply Depot  
  43  5:04  SCV  
  44  5:07  Liberator  
  44  5:12  Hellion  
  44  5:13  SCV, Hellion  
  49  5:14  SCV  
  49  5:16  Stimpack  
  49  5:21  SCV  
  51  5:25  SCV  
  51  5:28  SCV  
  53  5:31  Barracks Reactor, Refinery, Marine  
  53  5:32  Refinery  
  53  5:34  Hellion x2  
  57  5:39  Orbital Command  
  57  5:40  SCV x2  
  59  5:52  SCV  
  59  5:53  SCV  
  59  5:56  Engineering Bay  
  61  5:57  Engineering Bay  
  61  5:58  Supply Depot  
  61  6:02  Supply Depot  
  61  6:04  SCV, Hellion x2  
  61  6:05  SCV, Marine  
  68  6:11  Liberator x2  
  68  6:13  SCV  
  68  6:17  SCV x2  
  65  6:25  SCV  
  66  6:29  SCV  
  66  6:32  Marine  
  71  6:33  Hellion  
  71  6:34  Hellion, Marine  
  71  6:36  Terran Infantry Weapons Level 1, Terran Infantry Armor Level 1  
  71  6:37  SCV x2  
  71  6:39  Combat Shields  
  79  6:41  SCV  
  80  6:49  SCV  
  81  6:54  Armory  
  81  6:55  Hellion x2  
  85  7:07  SCV  
  82  7:09  SCV  
  82  7:10  SCV  
  84  7:16  Hellion x2  
  84  7:17  Barracks  
  84  7:19  SCV  
  84  7:22  SCV x2, Armory  
  91  7:28  Marauder  
  91  7:29  Supply Depot x2  
  93  7:31  Supply Depot  
  93  7:33  Refinery, Liberator  
  93  7:34  Liberator  
  93  7:35  Supply Depot  
  93  7:39  Supply Depot  
  93  7:45  Supply Depot  
  93  7:50  SCV, Hellion x2  
  104  7:53  SCV  
  104  7:55  Barracks Reactor  
  105  8:02  Missile Turret  
  105  8:04  Missile Turret  
  105  8:06  Barracks Reactor  
  109  8:12  Barracks  
  109  8:14  Barracks  
  109  8:15  Widow Mine x2  
  109  8:16  Refinery  
  109  8:17  SCV x2  
  109  8:19  Factory  
  111  8:22  SCV  
  111  8:26  Marine  
  113  8:29  Supply Depot  
  113  8:30  SCV, Supply Depot  
  113  8:32  Missile Turret  
  114  8:34  SCV x2  
  116  8:42  Command Center  
  116  8:43  Missile Turret  
  116  8:44  Marine  
  116  8:46  Marine  
  116  8:47  Marine  
  101  8:48  Terran Infantry Weapons Level 2  
  101  8:50  Terran Infantry Armor Level 2  
  101  8:51  Marine x2  
  101  8:52  Widow Mine x2  
  107  9:01  Marine  
  102  9:04  Marine x2  
  102  9:09  Marine x4  
  94  9:19  Marine  
  94  9:21  Widow Mine  
  94  9:22  Marine x2  
  94  9:23  Orbital Command  
  98  9:26  Marine  
  98  9:27  Marine x3  
  100  9:37  Marine, Liberator x2  
  101  9:39  Orbital Command  
  101  9:40  Marine x2  
  101  9:44  Marine x3  
  101  9:45  Marine  
  101  9:55  Marine  
  101  9:58  Marine x2  
  110  10:00  Widow Mine x2  
  110  10:02  Marine x3  
  110  10:04  Barracks Reactor  
  117  10:13  SCV x3, Marine  
  119  10:15  Marine  
  119  10:16  Marine  
  119  10:17  Factory Tech Lab, Refinery  
  119  10:20  Marine x3, Liberator  
  124  10:25  SCV x2  
  124  10:27  Liberator  
  126  10:29  Command Center  
  126  10:30  Widow Mine x2  
  126  10:31  Marine  
  126  10:33  Marine x2  
  126  10:34  Barracks  
  133  10:36  Barracks  
  133  10:37  SCV, Barracks  
  133  10:38  Missile Turret, Terran Ship Weapons Level 1  
  133  10:41  Missile Turret x2  
  137  10:59  Marine x4  
  141  11:08  Drilling Claws  
  141  11:13  Supply Depot  
  141  11:14  Supply Depot  
  141  11:16  Supply Depot x2  
  141  11:28  Barracks Reactor  
  141  11:29  Barracks Reactor, Barracks Tech Lab  
  141  11:31  Barracks Tech Lab  
  141  11:34  Marine, Medivac x2, Widow Mine  
  141  11:35  SCV, Marine x4, Widow Mine x2  
  141  11:37  Marine x3  
  141  11:38  Terran Infantry Weapons Level 3  
  141  11:39  Terran Infantry Armor Level 3  
  160  11:42  Planetary Fortress  
  160  11:48  Missile Turret  
  160  11:49  Marauder x2  
  160  11:51  Concussive Shells  
  160  11:53  SCV, Marauder  
  167  11:55  Marine  
  168  12:01  Factory  
  168  12:04  Medivac x2  
  172  12:09  Widow Mine x2  
  172  12:10  Thor  
  172  12:12  Marine, Marauder x2  
  172  12:13  Marine x2  
  172  12:14  Marine  
  172  12:15  Marine  
  191  12:31  Marine x7, Marauder  
  197  12:38  Widow Mine  
  197  12:40  Infernal Pre-Igniter  
  199  12:51  Marine x2  
  199  12:52  Marauder x2, Marine  
  199  12:57  Liberator x2  
  149  13:00  Marine x4  
  149  13:01  Marine, Marauder  
  149  13:02  Marine  
  151  13:09  Marine x3  
  151  13:12  SCV x4  
  158  13:13  Marauder x2  
  158  13:18  Marine x3  
  171  13:22  Factory Reactor, Widow Mine  
  171  13:23  Widow Mine x2, Marauder  
  171  13:24  SCV  
  165  13:34  Marauder  
  165  13:40  Marine, Marauder  
  170  13:44  Marauder  
  164  13:50  Widow Mine  
  164  13:51  Widow Mine  
  168  13:56  Marauder  
  168  14:01  Marauder  
  168  14:02  Marine x3  
  166  14:03  Marine x6  
  166  14:05  Marauder  
  176  14:14  Medivac x2  
  174  14:17  Marauder  
  174  14:20  Marine x4  
  174  14:23  Marauder  
  173  14:27  Marauder  
  141  14:39  Marauder  
  141  14:40  Marine x2  
  141  14:41  Marine x3  
  141  14:44  Marauder, Medivac x2  
  154  14:46  Marine  
  154  14:47  Widow Mine  
  154  14:48  Marauder  
  159  15:00  Marauder  
  159  15:06  Marauder  
  150  15:09  Marauder  
  150  15:10  Marine x3  
  150  15:11  Marine  
  150  15:13  Medivac, Widow Mine  
  152  15:21  Thor, Marauder  
  152  15:27  Marauder  
  162  15:31  Marauder  
  158  15:40  Marine x2  
  162  15:43  Medivac x2, Marauder  
  162  15:48  Marauder  
  166  15:52  Marauder  
  157  16:04  Marauder  
  157  16:10  Marauder  
  150  16:13  Medivac x2  
  150  16:14  Marauder  
  156  16:25  Marauder, Widow Mine x2  
  158  16:26  Widow Mine x2  
  158  16:27  Marine x3  
  158  16:30  SCV  
  158  16:31  Marauder  
  174  16:35  Marauder  
  176  16:44  Thor  
  176  16:45  Marine  
  176  16:46  Marine x5  
  188  16:47  Marauder  
  188  16:52  Marauder  
  188  16:53  Widow Mine  
  190  16:56  Marauder, Widow Mine  
  190  16:57  Marine  
  195  17:08  Marauder  
  195  17:10  Command Center  
  195  17:14  Marauder  
  195  17:18  Marauder  
  197  17:28  Command Center  
  199  17:30  Marauder  
  199  17:35  Marauder  
  193  17:39  Marauder  
  176  17:51  Marauder  
  176  17:57  Marauder  
  160  18:01  Marauder  
  114  18:12  Marauder  
  114  18:16  Marine x2  
  114  18:18  Marauder  
  106  18:22  Marauder  
  92  18:32  Marine  
  92  18:34  Marauder  
Show
View Real Time Build Order
Export as new Build Order

llllllllllll Terran 

Build Orders:  

Get SALT Encoding   

Show
View Real Time Build Order
Export as new Build Order

라미온 Terran 

Build Orders:  

Get SALT Encoding   

Tags
 
Add a new tag
Caveats
  • Supply blocks, unpowered buildings, or Contaminate may cause inaccurate times.
  • Supply counts are checked every 10 seconds.